[Event "Titled Tuesday Blitz July 11 Late 2023"]
[White "JERO-8914"]
[Black "Grebeniuk, Semen"]
[BlackFideId "14117509"]
[WhiteElo "2485"]
[BlackElo "2615"]
[Result "0-1"]
[Round "8"]
[TimeControl "180+2"]
[Date "2023.07.11"]
[WhiteClock "0:00:30"]
[BlackClock "0:00:14"]
[Board "55"]

1. c4 f5 2. d4 Nf6 3. g3 d6 4. Bg2 g6 5. Nf3 Bg7 6. O-O O-O 7. b3 a5 8. Bb2 c6 9. Nc3 Na6 10. e4 fxe4 11. Ng5 d5 12. f3 h6 13. Nh3 exf3 14. Rxf3 dxc4 15. bxc4 Bg4 16. Nf4 Bxf3 17. Bxf3 e5 18. Ne6 Qb6 19. Na4 Qa7 20. c5 e4 21. Be2 Nd5 22. Nxf8 Rxf8 23. Bc4 Nb4 24. Qg4 Nd3 25. Bxd5+ cxd5 26. Bc3 Qa6 27. Nb6 Nxc5 28. dxc5 Bxc3 29. Qxg6+ Bg7 30. Qe6+ Kh8 31. Qxd5 Qe2 32. Rd1 Qf2+ 33. Kh1 e3 34. Nd7 e2 35. Nxf8 exd1=Q+ 36. Qxd1 Qxf8 37. Qd5 Qc8 38. Kg2 Qc6 39. Qxc6 bxc6 40. Kf3 Bf8 0-1


[Site "https://www.chess.com"]

[Event "Titled Tuesday Blitz July 11 Late 2023"]
[White "Banzea, Alexandru-Bogdan"]
[Black "Alboredo, Julia"]
[WhiteFideId "1232622"]
[BlackFideId "2124807"]
[WhiteElo "2612"]
[BlackElo "2482"]
[Result "0-1"]
[Round "8"]
[TimeControl "180+2"]
[Date "2023.07.11"]
[WhiteClock "0:00:00"]
[BlackClock "0:00:19"]
[Board "56"]

1. d4 Nf6 2. Nc3 d5 3. Bf4 a6 4. e3 Bf5 5. f3 Bg6 6. g4 e6 7. h4 h5 8. g5 Nfd7 9. Bd3 c5 10. Bxg6 fxg6 11. Qd3 Kf7 12. O-O-O c4 13. Qd2 b5 14. a3 b4 15. axb4 Bxb4 16. Nge2 Qa5 17. Kb1 Nc6 18. e4 Rhb8 19. Bxb8 Rxb8 20. Rhe1 Nb6 21. Qf4+ Kg8 22. Qc7 Rc8 23. Qb7 Kh7 24. exd5 exd5 25. Nxd5 Qxd5 26. Nf4 Qb5 27. Ne6 Rg8 28. d5 Bc3 29. b3 cxb3 30. Qxc6 bxc2+ 31. Kxc2 Qb2+ 32. Kd3 Bxe1 33. Rxe1 Rc8 34. Qd6 Rc3+ 35. Ke4 Qc2+ 0-1


[Site "https://www.chess.com"]

[Event "Titled Tuesday Blitz July 11 Late 2023"]
[White "Janturin, Artur"]
[Black "Salazar Farias, Luis German"]
[WhiteFideId "4130022"]
[BlackFideId "3902170"]
[WhiteElo "2608"]
[BlackElo "2482"]
[Result "0-1"]
[Round "8"]
[TimeControl "180+2"]
[Date "2023.07.11"]
[WhiteClock "0:00:16"]
[BlackClock "0:00:13"]
[Board "57"]

1. e4 c6 2. d4 d5 3. e5 c5 4. dxc5 e6 5. a3 Bxc5 6. b4 Be7 7. Nf3 Nd7 8. Bb2 a5 9. b5 Nh6 10. Nbd2 a4 11. c4 Nc5 12. cxd5 exd5 13. Be2 O-O 14. O-O Nf5 15. Nd4 Nxd4 16. Bxd4 Ne6 17. Bb2 Nc5 18. Nf3 Nb3 19. Ra2 Qb6 20. Nd4 Nxd4 21. Qxd4 Bc5 22. Qh4 Be6 23. Bd3 g6 24. Kh1 Rfe8 25. f4 d4 26. Raa1 Bf5 27. Rad1 Bxd3 28. Rxd3 Qxb5 29. Rh3 Qxf1# 0-1


[Site "https://www.chess.com"]

[Event "Titled Tuesday Blitz July 11 Late 2023"]
[White "Keleberda, Tymur"]
[Black "Swayams, Mishra"]
[WhiteFideId "14174294"]
[BlackFideId "5028183"]
[WhiteElo "2550"]
[BlackElo "2608"]
[Result "0-1"]
[Round "8"]
[TimeControl "180+2"]
[Date "2023.07.11"]
[WhiteClock "0:00:00"]
[BlackClock "0:00:11"]
[Board "58"]

1. e4 e6 2. d3 d5 3. Nd2 Nf6 4. Ngf3 b6 5. g3 Nc6 6. Bg2 dxe4 7. dxe4 Ba6 8. c4 Qd3 9. Qb3 Nb4 10. Qxd3 Nxd3+ 11. Ke2 O-O-O 12. b3 Bc5 13. e5 Ng4 14. Ne4 Ngxf2 15. Nxc5 bxc5 16. Rf1 Ne4 17. Bd2 Bb7 18. Rad1 Rd7 19. Ke3 Rhd8 20. Ba5 Nb2 21. Rxd7 Rxd7 22. Nd2 Nxd2 23. Bxb7+ Kxb7 24. Bxd2 Nd3 25. Bc3 Nb4 26. Bxb4 cxb4 27. g4 Kc6 28. g5 a5 29. h4 Kc5 30. h5 a4 31. h6 g6 32. bxa4 c6 33. Rf2 Ra7 34. Ke4 Rxa4 35. Rxf7 Rxa2 36. Rxh7 Rh2 37. Rc7 b3 38. Kd3 Rh3+ 39. Kd2 Kxc4 40. Rxc6+ Kd5 41. Rc7 Kxe5 42. Rb7 Kf5 43. h7 Kxg5 44. Kc1 e5 45. Kb2 Kf4 46. Rf7+ Ke4 47. Rg7 Kf5 48. Rf7+ Ke6 49. Rg7 Kf6 50. Rb7 g5 51. Rc7 Kg6 0-1


[Site "https://www.chess.com"]

[Event "Titled Tuesday Blitz July 11 Late 2023"]
[White "Ganiev, Roman"]
[Black "Bouget, Alexandre"]
[WhiteFideId "4131452"]
[BlackFideId "681318"]
[WhiteElo "2606"]
[BlackElo "2426"]
[Result "1-0"]
[Round "8"]
[TimeControl "180+2"]
[Date "2023.07.11"]
[WhiteClock "0:00:04"]
[BlackClock "0:00:02"]
[Board "59"]

1. e4 g6 2. d4 Bg7 3. Nc3 d6 4. Be3 a6 5. Qd2 b5 6. O-O-O Bb7 7. f3 Nd7 8. h4 c5 9. h5 Qa5 10. Kb1 gxh5 11. Rxh5 Ngf6 12. Rh1 b4 13. Nce2 Nb6 14. Ng3 c4 15. Nf5 Bf8 16. g4 c3 17. Qf2 cxb2 18. g5 Nfd5 19. Ne2 Nc4 20. Bh3 Qa3 21. Rd3 Nc3+ 22. Nxc3 bxc3 23. Qe1 Qb4 24. Qxc3 a5 25. d5 Ba6 26. Qxh8 Rb8 27. Qd4 Na3+ 28. Rxa3 Qxa3 29. Rd1 Rb4 30. Qa7 Bc4 31. Nxd6+ Kd8 32. Qd7# 1-0


[Site "https://www.chess.com"]

[Event "Titled Tuesday Blitz July 11 Late 2023"]
[White "Krzywda, Andrzej"]
[Black "Veiga, Jose Francisco R P Neves"]
[WhiteFideId "1114565"]
[BlackFideId "1930087"]
[WhiteElo "2411"]
[BlackElo "2606"]
[Result "0-1"]
[Round "8"]
[TimeControl "180+2"]
[Date "2023.07.11"]
[WhiteClock "0:00:07"]
[BlackClock "0:00:07"]
[Board "60"]

1. e4 Nc6 2. Nf3 d6 3. d4 Nf6 4. Nc3 g6 5. h3 Bg7 6. Be3 a6 7. Be2 b5 8. a3 O-O 9. O-O Bb7 10. d5 Nb8 11. Nd4 c6 12. dxc6 Nxc6 13. Nb3 Rc8 14. Re1 Ne5 15. Nd2 d5 16. Bf4 Nxe4 17. Ndxe4 dxe4 18. Qc1 Nc4 19. Bxc4 Rxc4 20. Bh6 Qc7 21. Bxg7 Kxg7 22. Qg5 h6 23. Qe3 Rd8 24. Qa7 Qc6 25. Qe3 e5 26. Rad1 Rcd4 27. Rc1 f5 28. h4 f4 29. Qh3 Bc8 30. Qh2 Bf5 31. Ne2 Rd2 32. Nc3 e3 33. fxe3 f3 34. Qxe5+ Kf7 35. e4 f2+ 36. Kh1 fxe1=Q+ 37. Rxe1 Rxc2 38. Nd5 Qd6 39. Qd4 Bh3 40. Rf1+ Kg8 41. Nf6+ Kh8 42. Qxd6 Rxd6 43. e5 Bxg2+ 44. Kg1 Rdd2 45. e6 Bxf1 46. e7 Re2 47. Ne8 Rxe7 48. Kxf1 Rxe8 49. Kg1 Rxb2 50. Kf1 Rb3 51. Kf2 Rxa3 52. Kg2 b4 53. Kf1 b3 54. Kf2 b2 55. h5 b1=Q 56. hxg6 Qf5+ 57. Kg2 Re2+ 58. Kg1 Ra1# 0-1


[Site "https://www.chess.com"]

[Event "Titled Tuesday Blitz July 11 Late 2023"]
[White "Leon Oquendo, Jorge"]
[Black "Harriott, Tyrell"]
[WhiteFideId "3514803"]
[BlackFideId "2086484"]
[WhiteElo "2596"]
[BlackElo "2403"]
[Result "1-0"]
[Round "8"]
[TimeControl "180+2"]
[Date "2023.07.11"]
[WhiteClock "0:00:47"]
[BlackClock "0:00:49"]
[Board "61"]

1. d4 e6 2. c4 d5 3. Nc3 f5 4. Bf4 c6 5. e3 Bd6 6. Bxd6 Qxd6 7. Nf3 Ne7 8. Bd3 Ng6 9. g4 O-O 10. gxf5 exf5 11. cxd5 cxd5 12. h4 Be6 13. h5 Nh8 14. h6 g6 15. Qb3 b6 16. Nb5 Qe7 17. Rc1 Na6 18. a3 Rfc8 19. Kd2 Nf7 20. Qa4 Nc7 21. Nxc7 Rxc7 22. Rxc7 Qxc7 23. Rc1 Qe7 24. Qc6 Rc8 25. Qxc8+ Bxc8 26. Rxc8+ Nd8 27. Ne5 Qh4 28. Be2 f4 29. Nc6 fxe3+ 30. fxe3 Qxh6 31. Rxd8+ Kf7 32. Ne5+ Ke7 33. Rd7+ Ke8 34. Bb5 Qh3 35. Rxh7+ Kf8 36. Rxh3 Ke7 37. Nxg6+ Kf6 38. Nf4 Kf5 39. Bd3+ Kg4 40. Ke2 a6 41. Kf2 b5 42. Rg3+ Kh4 43. Kf3 b4 44. Rg4# 1-0


[Site "https://www.chess.com"]

[Event "Titled Tuesday Blitz July 11 Late 2023"]
[White "Zavgorodniy, Sergiy"]
[Black "Cooklev, Steven"]
[WhiteFideId "14110148"]
[BlackFideId "2050552"]
[WhiteElo "2592"]
[BlackElo "2402"]
[Result "1-0"]
[Round "8"]
[TimeControl "180+2"]
[Date "2023.07.11"]
[WhiteClock "0:00:43"]
[BlackClock "0:00:05"]
[Board "62"]

1. d4 Nf6 2. c4 e6 3. Nf3 d5 4. e3 a6 5. Nbd2 Be7 6. Bd3 dxc4 7. Nxc4 b5 8. Nce5 Bb7 9. O-O Nbd7 10. Nxf7 Kxf7 11. Ng5+ Kg8 12. Nxe6 Qc8 13. Bf5 Be4 14. Bxe4 Nxe4 15. Qb3 Nb6 16. Ng5+ Nc4 17. Nxe4 Qf5 18. Nd2 Qd5 19. a4 Rd8 20. axb5 axb5 21. Ra7 Bd6 22. e4 Qxd4 23. Rb7 Kf8 24. Rxb5 Nxd2 25. Rf5+ 1-0


[Site "https://www.chess.com"]

[Event "Titled Tuesday Blitz July 11 Late 2023"]
[White "Gerbelli Neto, Eduardo"]
[Black "Boldoo, Erdenepurev"]
[WhiteFideId "2103281"]
[BlackFideId "4901037"]
[WhiteElo "2355"]
[BlackElo "2566"]
[Result "0-1"]
[Round "8"]
[TimeControl "180+2"]
[Date "2023.07.11"]
[WhiteClock "0:00:19"]
[BlackClock "0:00:21"]
[Board "63"]

1. e4 g5 2. Nc3 e6 3. d4 h6 4. Be3 d5 5. e5 Ne7 6. Bd3 Nf5 7. Qd2 b6 8. Nge2 Ba6 9. Ng3 Qd7 10. Nxf5 exf5 11. f4 Bxd3 12. Qxd3 Be7 13. O-O-O Nc6 14. a3 O-O-O 15. Rdf1 g4 16. h3 h5 17. Qa6+ Kb8 18. Nb5 Qc8 19. Qa4 a6 20. Nc3 b5 21. Qb3 Na5 22. Qa2 Nc4 23. Re1 Qe6 24. Nd1 Rdg8 25. Rhg1 Rg6 26. b4 Rhg8 27. hxg4 Rxg4 28. Re2 h4 29. a4 h3 30. axb5 axb5 31. Nc3 Rxg2 32. Rexg2 Rxg2 33. Re1 Nxe3 34. Rxe3 h2 35. Nxb5 h1=Q+ 36. Kb2 Qb6 37. Ra3 Rxc2+ 38. Kxc2 Qg2+ 39. Kb1 Qxa2+ 40. Kxa2 Qxb5 0-1


[Site "https://www.chess.com"]

[Event "Titled Tuesday Blitz July 11 Late 2023"]
[White "OllieAr"]
[Black "FromTexas54"]
[WhiteElo "2330"]
[BlackElo "2563"]
[Result "1/2-1/2"]
[Round "8"]
[TimeControl "180+2"]
[Date "2023.07.11"]
[WhiteClock "0:00:21"]
[BlackClock "0:00:27"]
[Board "64"]

1. Nf3 g6 2. c4 Bg7 3. Nc3 e5 4. d4 exd4 5. Nxd4 Ne7 6. e4 O-O 7. Be2 d6 8. O-O f5 9. exf5 Nxf5 10. Nxf5 Rxf5 11. Bg4 Rf8 12. Bf3 Nc6 13. Be3 Be6 14. Bd5 Bxd5 15. Qxd5+ Kh8 16. a3 Qh4 17. Rad1 Rae8 18. Ne2 Re5 19. Qd2 Qxc4 20. Nd4 Nxd4 21. Bxd4 Re7 22. Bxg7+ Kxg7 23. Rc1 Qf7 24. Qd4+ Qf6 25. Qxa7 Qxb2 26. Rb1 Qc2 27. Rxb7 Rff7 28. Qd4+ Kh6 29. Rb2 Qe4 30. Qd2+ Kg7 31. Qc3+ Qe5 32. Qb3 h5 33. Rc2 h4 34. a4 Qg5 35. Ra2 Re5 36. Qc3 Kh7 37. a5 Ref5 38. a6 Rf3 39. Qa5 R3f5 40. Qa3 Rf3 41. Qa5 R3f5 42. Qa3 Rf3 43. Qa5 1/2-1/2


[Site "https://www.chess.com"]

[Event "Titled Tuesday Blitz July 11 Late 2023"]
[White "SicilianPanzer"]
[Black "Karttunen, Mika"]
[BlackFideId "502081"]
[WhiteElo "2283"]
[BlackElo "2558"]
[Result "1-0"]
[Round "8"]
[TimeControl "180+2"]
[Date "2023.07.11"]
[WhiteClock "0:00:06"]
[BlackClock "0:00:05"]
[Board "65"]

1. e4 e5 2. Nc3 Nf6 3. Bc4 Bb4 4. Nge2 c6 5. d4 Nxe4 6. dxe5 d5 7. exd6 Qxd6 8. O-O Qxd1 9. Nxd1 O-O 10. c3 Bc5 11. Be3 Nd7 12. Bxc5 Ndxc5 13. Ne3 b5 14. Bb3 Nd2 15. Rfd1 Ndxb3 16. axb3 Nxb3 17. Ra3 Nc5 18. Rda1 a6 19. b4 Na4 20. Nd4 Bd7 21. c4 Rfe8 22. c5 Re4 23. Ndf5 Bxf5 24. Nxf5 g6 25. f3 Re2 26. Nd4 Rb2 27. Nxc6 Kf8 28. R3a2 Rb3 29. Ra3 Rb2 30. R3a2 Rxa2 31. Rxa2 Rc8 32. Nd4 Rd8 33. Rd2 Rc8 34. Nb3 Ke7 35. Kf2 Ra8 36. Na5 Nc3 37. Rd3 Na4 38. Re3+ Kd7 39. h4 Rf8 40. Rd3+ Kc7 41. g4 h6 42. Kg3 Re8 43. h5 g5 44. Nb3 Re6 45. Kf2 Re5 46. Nd4 Re8 47. Nf5 Re6 48. Rd6 Nb2 49. Rxe6 fxe6 50. Nxh6 Nd3+ 51. Ke3 Nxb4 52. Nf7 Nd5+ 53. Kd4 a5 54. Nxg5 Nf6 55. Nxe6+ Kc6 56. Nd8+ Kd7 57. Nb7 a4 58. Na5 Ke6 59. c6 Kd6 60. h6 Nh7 61. f4 a3 62. Kc3 Kc5 63. c7 b4+ 64. Kb3 1-0


[Site "https://www.chess.com"]

[Event "Titled Tuesday Blitz July 11 Late 2023"]
[White "Domingo Nunez, Ruben"]
[Black "Kiselev, Pavel"]
[WhiteFideId "22245570"]
[BlackFideId "4191102"]
[WhiteElo "2558"]
[BlackElo "2305"]
[Result "1-0"]
[Round "8"]
[TimeControl "180+2"]
[Date "2023.07.11"]
[WhiteClock "0:00:20"]
[BlackClock "0:00:08"]
[Board "66"]

1. Nf3 Nf6 2. g3 e6 3. Bg2 d5 4. O-O c5 5. b3 Nc6 6. Bb2 Bd6 7. e3 O-O 8. Qe2 e5 9. d3 d4 10. c4 Bg4 11. h3 Bh5 12. g4 Bg6 13. e4 Nd7 14. Bc1 h5 15. Bg5 f6 16. Bd2 hxg4 17. hxg4 Kf7 18. Nh4 Rh8 19. Nf5 Qc7 20. Na3 a6 21. Bf3 Rh7 22. Kg2 Rah8 23. Rh1 Nf8 24. Rxh7 Rxh7 25. Rh1 Ne6 26. Qe1 Nb4 27. Rxh7 Bxh7 28. Qh1 Bg6 29. Be2 Bf8 30. Qb1 Qa5 31. Qb2 Nf4+ 32. Bxf4 exf4 33. Nb1 Qxa2 34. Qxa2 Nxa2 35. Nd2 Nc1 36. Bf1 b5 37. Nh4 bxc4 38. Nxc4 Nxb3 39. Kf3 a5 40. Be2 Nc1 41. Nxa5 Nxe2 42. Kxe2 Bh7 43. Nc4 g5 44. Nf3 Ke6 45. Nfd2 Bg8 46. Nb6 Bd6 47. Nd5 Be5 48. Nc4 Kd7 49. Nxe5+ fxe5 50. Nf6+ Ke7 51. Nxg8+ Kf7 52. Nh6+ Kg6 53. Nf5 Kf6 54. Nd6 Ke6 55. Nc4 Kd7 56. Kd2 Ke6 57. Kc2 Kf6 58. Kb3 Ke6 59. Ka4 1-0


[Site "https://www.chess.com"]

[Event "Titled Tuesday Blitz July 11 Late 2023"]
[White "Michalczak, Thomas"]
[Black "Sala, Giulia"]
[WhiteFideId "4622634"]
[BlackFideId "2840451"]
[WhiteElo "2552"]
[BlackElo "2267"]
[Result "0-1"]
[Round "8"]
[TimeControl "180+2"]
[Date "2023.07.11"]
[WhiteClock "0:00:08"]
[BlackClock "0:00:54"]
[Board "67"]

1. e4 e6 2. d4 d5 3. Nc3 Nf6 4. e5 Nfd7 5. Nf3 c5 6. Bg5 Qb6 7. dxc5 Bxc5 8. Qd2 Nc6 9. Na4 Bxf2+ 10. Qxf2 Qb4+ 11. c3 Qxa4 12. Bd3 Ncxe5 13. Nxe5 Nxe5 14. Bc2 Qb5 15. O-O-O Bd7 16. Rd4 Nc4 17. Bd3 Rc8 18. b3 Qa5 19. Qc2 Na3 20. Qb2 Rxc3+ 21. Kd1 Qc5 22. Be3 e5 23. Rxd5 Qxd5 24. Qxc3 e4 25. Bc5 Nb5 26. Qc4 Qxd3+ 27. Qxd3 exd3 28. Re1+ Be6 29. a4 Nc3+ 30. Kd2 Nd5 31. Kxd3 Kd7 32. Bxa7 Rc8 33. Bd4 f6 34. g3 Nb4+ 35. Ke4 Bxb3 36. Re2 Re8+ 37. Kf3 Bd5+ 38. Kf2 Nd3+ 39. Kf1 Bg2+ 40. Rxg2 Re1# 0-1


[Site "https://www.chess.com"]

[Event "Titled Tuesday Blitz July 11 Late 2023"]
[White "Romero Ruscalleda, Josep"]
[Black "Milovic, Aleksandra"]
[WhiteFideId "2231859"]
[BlackFideId "933988"]
[WhiteElo "2454"]
[BlackElo "2085"]
[Result "0-1"]
[Round "8"]
[TimeControl "180+2"]
[Date "2023.07.11"]
[WhiteClock "0:00:00"]
[BlackClock "0:00:12"]
[Board "68"]

1. e4 c5 2. c3 Nf6 3. e5 Nd5 4. Nf3 Nc6 5. Bc4 Nb6 6. Bb3 c4 7. Bc2 d6 8. exd6 e6 9. O-O Bxd6 10. b3 O-O 11. Qe2 e5 12. bxc4 Bg4 13. h3 Bh5 14. Ba3 Bxa3 15. Nxa3 Re8 16. g4 e4 17. Bxe4 Bg6 18. d3 Qe7 19. Nb5 Bxe4 20. dxe4 Qxe4 21. Qxe4 Rxe4 22. Nd6 Rf4 23. Kg2 Nxc4 24. Nxb7 Rb8 25. Rfb1 Rxf3 26. Kxf3 Nd2+ 27. Ke3 Nxb1 28. Rxb1 Na5 29. Rb5 Nxb7 30. Kf4 Kf8 31. c4 Ke7 32. c5 Kd7 33. a4 Kc7 34. Kf5 Nd8 35. Ra5 Nc6 36. Ra6 Rb2 37. f4 Rc2 38. Ke4 Rxc5 39. f5 Re5+ 40. Kf4 Re1 41. g5 Rf1+ 42. Kg4 Ne5+ 43. Kh5 Nc6 0-1


[Site "https://www.chess.com"]

[Event "Titled Tuesday Blitz July 11 Late 2023"]
[White "Nefedov, Sergey"]
[Black "BrandonJiang123456"]
[WhiteFideId "24113417"]
[WhiteElo "2649"]
[BlackElo "2253"]
[Result "1-0"]
[Round "8"]
[TimeControl "180+2"]
[Date "2023.07.11"]
[WhiteClock "0:00:21"]
[BlackClock "0:00:00"]
[Board "69"]

1. d4 f5 2. g4 fxg4 3. h3 g3 4. fxg3 d5 5. Bg2 Nf6 6. Nc3 Bf5 7. Bg5 e6 8. e4 dxe4 9. Nxe4 Be7 10. Nxf6+ Bxf6 11. Bxf6 Qxf6 12. Bxb7 O-O 13. Nf3 Qg6 14. Rg1 Be4 15. Bxa8 Rxf3 16. Qxf3 Bxf3 17. Bxf3 Nd7 18. O-O-O Nb6 19. Kb1 Nc4 20. Rd3 Qg5 21. b3 Nd6 22. Bg4 Nf5 23. Re1 Qf6 24. d5 exd5 25. Rxd5 Nd6 26. Rd3 h6 27. a4 Kh7 28. Rdd1 Qf2 29. Be2 Qxg3 30. Bd3+ Kg8 31. Re7 Qf3 32. Rde1 Qc6 33. Rg1 g5 34. h4 Kf8 35. Rh7 Qf3 36. Rf1 Qxf1+ 37. Bxf1 Kg8 38. Rxh6 1-0


[Site "https://www.chess.com"]

[Event "Titled Tuesday Blitz July 11 Late 2023"]
[White "Sadykov, Ramil"]
[Black "Martinez Reyes, Pedro Ramon"]
[WhiteFideId "24113590"]
[BlackFideId "3901807"]
[WhiteElo "2597"]
[BlackElo "2510"]
[Result "0-1"]
[Round "8"]
[TimeControl "180+2"]
[Date "2023.07.11"]
[WhiteClock "0:00:01"]
[BlackClock "0:00:06"]
[Board "70"]

1. d4 Nf6 2. c4 c5 3. d5 b5 4. cxb5 a6 5. bxa6 g6 6. Nc3 Bg7 7. e4 O-O 8. f4 Qa5 9. Bd2 Bxa6 10. Bxa6 Qxa6 11. Nf3 d6 12. Qe2 Nbd7 13. Qxa6 Rxa6 14. Ke2 Rb8 15. Rhb1 e6 16. dxe6 fxe6 17. h3 d5 18. e5 Ne8 19. a3 Rb3 20. Bc1 Nc7 21. Nd2 Rb8 22. Ra2 g5 23. g3 gxf4 24. gxf4 Bh6 25. Nf3 Rb3 26. Nd2 Rb8 27. Nf1 c4 28. Be3 Nf8 29. Nd2 Ng6 30. Rg1 Kf7 31. f5 Nf4+ 32. Kf3 Nxh3 33. Rh1 Bxe3 34. Kxe3 Ng5 35. f6 Nb5 36. Ne2 c3 37. bxc3 Rxa3 38. Rxa3 Nxa3 39. Kf4 Rg8 40. Rh5 h6 41. Rxh6 Kf8 42. Nb3 Nf7 43. Rh4 Nc4 44. Nbd4 Ncxe5 45. Nxe6+ Ke8 46. N2d4 Ng6+ 47. Ke3 Nxh4 48. Ng7+ Kd7 49. Kf4 Ng6+ 50. Kf5 Nf8 51. Nf3 Nd6+ 52. Kg5 Ne6+ 53. Kh6 Nxg7 54. fxg7 Nf5+ 55. Kg6 Nxg7 56. Kf7 Rc8 57. Kxg7 Rxc3 58. Nd4 Rc4 59. Nf5 Ke6 60. Ne3 Re4 61. Nc2 d4 62. Nb4 Rg4+ 63. Kh6 Ke5 64. Nd3+ Ke4 65. Nf2+ Kf3 66. Nd3 Ke3 67. Ne5 Rg1 68. Nc4+ Ke2 69. Kh5 d3 70. Kh4 d2 0-1


[Site "https://www.chess.com"]

[Event "Titled Tuesday Blitz July 11 Late 2023"]
[White "Grinev, Valeriy"]
[Black "Peycheva, Gergana"]
[WhiteFideId "14117517"]
[BlackFideId "2916711"]
[WhiteElo "2575"]
[BlackElo "2499"]
[Result "1/2-1/2"]
[Round "8"]
[TimeControl "180+2"]
[Date "2023.07.11"]
[WhiteClock "0:00:47"]
[BlackClock "0:00:04"]
[Board "71"]

1. e3 g6 2. Nf3 Bg7 3. d4 d5 4. Be2 Nf6 5. O-O O-O 6. b3 Bf5 7. Nbd2 c6 8. c4 a5 9. a4 Na6 10. Ba3 Nb4 11. Bxb4 axb4 12. Ne5 Nd7 13. f4 f6 14. Nd3 Bxd3 15. Bxd3 Nb6 16. c5 Nd7 17. Qc2 f5 18. g4 fxg4 19. Rae1 b6 20. cxb6 Qxb6 21. Kh1 c5 22. Bb5 Rad8 23. Bxd7 Rxd7 24. dxc5 Qc6 25. e4 d4 26. Qc4+ Kh8 27. Qxb4 Rb7 28. Qc4 Rc8 29. Rc1 Rf8 30. Qd5 Qc7 31. e5 Rb4 32. Rc4 Rxc4 33. Nxc4 Qc8 34. Qxd4 g3 35. f5 Rxf5 36. Rxf5 Qxf5 37. hxg3 Qh3+ 38. Kg1 Qxg3+ 39. Kf1 h5 40. Qd8+ Kh7 41. Qxe7 Qxb3 42. Nd6 Qf3+ 43. Ke1 Qe3+ 44. Kd1 Qd3+ 45. Ke1 Qe3+ 46. Kd1 Qd3+ 47. Kc1 Qc3+ 48. Kb1 Qb3+ 49. Kc1 Qc3+ 50. Kd1 Qd3+ 1/2-1/2


[Site "https://www.chess.com"]

[Event "Titled Tuesday Blitz July 11 Late 2023"]
[White "Mei, Austin"]
[Black "Shohat, Yotam"]
[WhiteFideId "30948479"]
[BlackFideId "2813955"]
[WhiteElo "2491"]
[BlackElo "2563"]
[Result "1-0"]
[Round "8"]
[TimeControl "180+2"]
[Date "2023.07.11"]
[WhiteClock "0:01:03"]
[BlackClock "0:00:00"]
[Board "72"]

1. e4 e5 2. f4 d5 3. exd5 exf4 4. Nf3 Nf6 5. Bb5+ c6 6. dxc6 Nxc6 7. Nc3 Bd6 8. Qe2+ Be6 9. Nd4 O-O 10. Bxc6 bxc6 11. Nxe6 fxe6 12. b3 e5 13. Bb2 Qc7 14. O-O-O a5 15. Qc4+ Kh8 16. Kb1 a4 17. Nxa4 Nd5 18. Rhe1 Rfb8 19. Nc3 Qa5 20. a4 Ra6 21. Nxd5 cxd5 22. Qc3 d4 23. Qxa5 Rxa5 24. Re4 Kg8 25. Ka2 Kf7 26. Ba3 Ke6 27. Rde1 Kd7 28. g3 g5 29. c3 Bxa3 30. Kxa3 dxc3 31. dxc3 Rd5 32. Rxe5 Rxe5 33. Rxe5 Rf8 34. gxf4 gxf4 35. Re2 f3 36. Rf2 Ke6 37. c4 Ke5 38. Kb4 Ke4 39. c5 Ke3 40. Rf1 Ke2 41. Rc1 f2 42. c6 Rd8 43. Rc2+ Ke3 44. Rxf2 Kxf2 45. Kc5 Ke3 46. b4 Ke4 47. b5 Rd1 48. c7 Rc1+ 49. Kd6 Rd1+ 50. Kc6 Rc1+ 51. Kb7 1-0


[Site "https://www.chess.com"]

[Event "Titled Tuesday Blitz July 11 Late 2023"]
[White "Martin Barcelo, Carles"]
[Black "Bruedigam, Martin"]
[WhiteFideId "24561444"]
[BlackFideId "24608033"]
[WhiteElo "2447"]
[BlackElo "2549"]
[Result "1-0"]
[Round "8"]
[TimeControl "180+2"]
[Date "2023.07.11"]
[WhiteClock "0:00:09"]
[BlackClock "0:00:00"]
[Board "73"]

1. e4 g6 2. h4 Nc6 3. d4 d5 4. e5 h5 5. Nh3 Bxh3 6. Rxh3 e6 7. Bg5 Be7 8. Qd2 Bxg5 9. hxg5 Nge7 10. c3 Qd7 11. Bd3 O-O-O 12. Na3 Nf5 13. Nc2 Na5 14. Ne3 Kb8 15. O-O-O Rc8 16. Kb1 c5 17. dxc5 Nxe3 18. Qxe3 Rc7 19. g4 Rhc8 20. gxh5 gxh5 21. Rxh5 Rxc5 22. Rh7 Qa4 23. Bc2 Qb5 24. Bd3 Nc4 25. Bxc4 Rxc4 26. Ka1 d4 27. cxd4 Rc2 28. Rb1 Re2 29. Qf3 Rec2 30. Rhh1 1-0


[Site "https://www.chess.com"]

[Event "Titled Tuesday Blitz July 11 Late 2023"]
[White "ATM622"]
[Black "Flynn, Jacob"]
[BlackFideId "2509393"]
[WhiteElo "2545"]
[BlackElo "2465"]
[Result "0-1"]
[Round "8"]
[TimeControl "180+2"]
[Date "2023.07.11"]
[WhiteClock "0:00:00"]
[BlackClock "0:00:04"]
[Board "74"]

1. d4 Nf6 2. c4 e6 3. g3 d5 4. Bg2 dxc4 5. Nf3 c5 6. O-O Nc6 7. dxc5 Qxd1 8. Rxd1 Bxc5 9. Nbd2 c3 10. bxc3 O-O 11. Nb3 Be7 12. c4 Bd7 13. Bb2 Rfd8 14. Ne5 Rac8 15. Rac1 Nxe5 16. Bxe5 Bc6 17. Bxc6 Rxc6 18. Rxd8+ Bxd8 19. Nd4 Ra6 20. Rc2 Nd7 21. Nf3 Nxe5 22. Nxe5 Kf8 23. Nd7+ Ke8 24. Nc5 Rb6 25. Kg2 Be7 26. Nd3 Ra6 27. Kf3 f5 28. Rb2 b6 29. Rc2 Bd6 30. h4 g6 31. Nc1 e5 32. e4 Ra3+ 33. Nb3 Bc5 34. h5 Ke7 35. g4 Kf6 36. gxf5 gxf5 37. exf5 Kxf5 38. Kg2 a5 39. Nd2 e4 40. Nf1 Kf4 41. Ng3 a4 42. Re2 e3 43. fxe3+ Bxe3 44. h6 Bc5 45. Re4+ Kg5 46. Re6 Rxa2+ 47. Kh3 a3 48. Ne4+ Kf5 49. Re8 Ra1 50. Nxc5 bxc5 51. Ra8 a2 52. Kh2 Ke4 53. Ra4 Kd4 54. Kg2 Kc3 55. Kh2 Kb3 56. Ra8 Kxc4 57. Ra7 Kc3 58. Ra5 c4 59. Ra8 Kc2 60. Kg2 c3 61. Ra7 Kd3 62. Rd7+ Ke2 63. Re7+ Kd1 64. Rd7+ Kc1 65. Ra7 c2 66. Kh2 Rb1 67. Rxa2 Rb2 68. Ra7 Kb1 69. Rc7 c1=Q+ 0-1


[Site "https://www.chess.com"]

[Event "Titled Tuesday Blitz July 11 Late 2023"]
[White "Rottenwohrer Suarez, Juan"]
[Black "Andreassen, Lars"]
[WhiteFideId "32068182"]
[BlackFideId "1504878"]
[WhiteElo "2542"]
[BlackElo "2401"]
[Result "1-0"]
[Round "8"]
[TimeControl "180+2"]
[Date "2023.07.11"]
[WhiteClock "0:01:22"]
[BlackClock "0:01:23"]
[Board "75"]

1. d4 d5 2. c4 e6 3. Nc3 c5 4. cxd5 cxd4 5. Qa4+ Bd7 6. Qxd4 exd5 7. Nf3 Nc6 8. Qd1 Be6 9. e3 Nf6 10. Be2 Bd6 11. O-O O-O 12. h3 Rc8 13. Nd4 Nxd4 14. Qxd4 b6 15. Nb5 Bb8 16. Qh4 a6 17. Nd4 Qd6 18. f4 Ne4 19. Bxa6 Rc5 20. b3 Ra5 21. Bd3 f5 22. a4 Rf7 23. Ba3 Qd7 24. Nxe6 Qxe6 25. Qd8+ 1-0


[Site "https://www.chess.com"]

[Event "Titled Tuesday Blitz July 11 Late 2023"]
[White "Stachanczyk, Jacek"]
[Black "Aggelis, Nikolaos"]
[WhiteFideId "1116657"]
[BlackFideId "4213220"]
[WhiteElo "2382"]
[BlackElo "2538"]
[Result "1/2-1/2"]
[Round "8"]
[TimeControl "180+2"]
[Date "2023.07.11"]
[WhiteClock "0:00:06"]
[BlackClock "0:00:07"]
[Board "76"]

1. e4 c6 2. d4 d5 3. Nc3 dxe4 4. Nxe4 Nf6 5. Nxf6+ exf6 6. c3 Bd6 7. Bd3 Qc7 8. Ne2 O-O 9. Ng3 Re8+ 10. Be3 f5 11. Nxf5 Bf4 12. O-O Bxf5 13. Bxf5 Bxe3 14. fxe3 g6 15. Bc2 Rxe3 16. Bb3 Re7 17. Qf3 Na6 18. Rae1 Rf8 19. Qf6 Rxe1 20. Rxe1 c5 21. Re7 c4 22. Rxc7 cxb3 23. axb3 Nxc7 24. c4 Re8 25. h3 Ne6 26. d5 Nc5 27. b4 Ne4 28. Qf3 f5 29. Qe3 a6 30. Qd4 Re7 31. c5 Kf7 32. Kh2 h6 33. d6 Rd7 34. Qd5+ Kg7 35. Qc4 h5 36. b5 axb5 37. Qxb5 Nf6 38. b4 g5 39. Qc4 Rd8 40. Qe6 Rg8 41. Qxf5 Kf7 42. b5 g4 43. hxg4 hxg4 44. Kg3 Ra8 45. c6 bxc6 46. bxc6 Ra3+ 47. Kf2 Ra2+ 48. Ke1 g3 49. d7 Ra1+ 50. Kd2 Ra2+ 51. Kc1 Ra1+ 52. Kb2 Rd1 53. c7 Rxd7 54. Qxd7+ Nxd7 55. c8=Q Ke7 56. Qc3 Ke6 57. Qxg3 Ne5 58. Kc3 Kf5 59. Kd4 Ng4 60. Qf3+ Kg5 61. g3 Nf6 62. Qf4+ Kg6 63. g4 Nh7 64. Qf5+ Kg7 65. Ke5 Nf8 66. Qf6+ Kg8 67. Kd6 Nh7 68. Qg6+ Kh8 69. g5 Nf8 70. Qh6+ Kg8 71. Ke7 Nh7 72. g6 Nf6 73. Qh1 Kg7 74. Qa1 Kg8 75. Qxf6 1/2-1/2


[Site "https://www.chess.com"]